[ AOE2 MATCH · #494543758 ]
UnrankedTupi vs Poles
[ REPLAY ANALYSIS · EXTRACTED FROM THE RECORDED GAME ]
Feudal
9:41
Castle
13:11
Imperial
—
| APM avg | 47.8 |
| APM peak | 89 |
| eAPM avg | 31.7 |
| Villagers / military | 62 / 8 |
Focus
⚔️ 46.6% · 🌾 53.4%
Unknown (2582) ×6 · Mangonel ×4 · Battering Ram ×4
Feudal
12:39
Castle
16:34
Imperial
—
| APM avg | 39.9 |
| APM peak | 79 |
| eAPM avg | 20.5 |
| Villagers / military | 91 / 3 |
Focus
⚔️ 23.0% · 🌾 77.0%
Fishing Ship ×10 · Monk ×3
Feudal
13:08
Castle
16:38
Imperial
21:36
| APM avg | 31.1 |
| APM peak | 74 |
| eAPM avg | 17.9 |
| Villagers / military | 38 / 4 |
Focus
⚔️ 30.4% · 🌾 69.6%
Fishing Ship ×13 · Archer ×4
Feudal
12:41
Castle
16:26
Imperial
—
| APM avg | 20.2 |
| APM peak | 48 |
| eAPM avg | 11.0 |
| Villagers / military | 34 / 10 |
Focus
⚔️ 22.2% · 🌾 77.8%
Organ Gun ×9 · Fishing Ship ×9 · Mangonel ×1
Feudal
13:34
Castle
19:23
Imperial
—
| APM avg | 29.2 |
| APM peak | 51 |
| eAPM avg | 21.9 |
| Villagers / military | 62 / 10 |
Focus
⚔️ 38.5% · 🌾 61.5%
Conquistador ×10
Feudal
12:10
Castle
15:33
Imperial
—
| APM avg | 25.0 |
| APM peak | 63 |
| eAPM avg | 17.2 |
| Villagers / military | 79 / 0 |
Focus
⚔️ 15.3% · 🌾 84.7%
Fishing Ship ×27
Feudal
12:53
Castle
16:27
Imperial
—
| APM avg | 38.0 |
| APM peak | 69 |
| eAPM avg | 18.8 |
| Villagers / military | 107 / 1 |
Focus
⚔️ 10.9% · 🌾 89.1%
Fishing Ship ×10 · Monk ×1
Feudal
12:31
Castle
—
Imperial
—
| APM avg | 33.3 |
| APM peak | 91 |
| eAPM avg | 19.5 |
| Villagers / military | 52 / 5 |
Focus
⚔️ 22.7% · 🌾 77.3%
Archer ×3 · Spearman ×2
Match map
Initial resources + every placement click. Lines = walls · curves = elevation contours. ◆ gold · ⬟ stone · ● berries · ✦ relic · ◌ wall gap
Your base· ✓ Closed at 13:11 · 0t walls · no gate
Hui's base· ✓ Closed at 16:34 · 47t walls · no gate
Ace Of Emeralds's base· ✓ Closed at 16:38 · 24t walls · fragile
Sorrateiro's base· ✓ Closed at 16:26 · 3t walls · 3 gate(s) · fragile
Ilum | Suricata Tactica's base· ✓ Closed at 19:23 · 20t walls · no gate
AticAtac's base· ✓ Closed at 15:33 · 0t walls · fragile
自有大儒为我辩经's base· ✓ Closed at 16:27 · 0t walls · 1 gate(s)
[CL] Feargoras's base· ✓ Closed at 12:00 · 16t walls · fragile
Smoothed initial terrain · ◌ = detected wall gap · hover for details
Inputs per minute
— TAG_Sitaux - - Hui
Build order — TAG_Sitaux
132 actions detected in the replay
| 0:01 | Create | Villager (Male) |
| 0:01 | Create | Villager (Male) |
| 0:02 | Build | House |
| 0:02 | Build | House |
| 0:23 | Create | Villager (Male) |
| 0:23 | Create | Villager (Male) |
| 1:22 | Create | Villager (Male) |
| 1:22 | Create | Villager (Male) |
| 1:33 | Create | Villager (Male) |
| 1:33 | Create | Villager (Male) |
| 1:49 | Build | Settlement |
| 2:01 | Create | Villager (Male) |
| 2:25 | Create | Villager (Male) |
| 2:25 | Create | Villager (Male) |
| 2:58 | Create | Villager (Male) |
| 2:58 | Create | Villager (Male) |
| 3:15 | Create | Villager (Male) |
| 3:15 | Create | Villager (Male) |
| 3:43 | Create | Villager (Male) |
| 4:11 | Build | Settlement |
| 4:27 | Create | Villager (Male) |
| 4:28 | Create | Villager (Male) |
| 4:28 | Create | Villager (Male) |
| 4:47 | Create | Villager (Male) |
| 4:47 | Create | Villager (Male) |
| 5:43 | Create | Villager (Male) |
| 6:05 | Create | Villager (Male) |
| 6:31 | Create | Villager (Male) |
| 7:01 | Create | Villager (Male) |
| 7:30 | Research | Feudal Age |
| 7:30 | Research | Feudal Age |
| 8:26 | Create | Villager (Male) |
| 9:41 | Age | Feudal Age |
| 9:43 | Build | Market |
| 9:44 | Build | Blacksmith |
| 10:02 | Create | Villager (Male) |
| 10:28 | Build | House |
| 10:31 | Research | Castle Age |
| 10:32 | Research | Castle Age |
| 10:59 | Research | Double-Bit Axe |
| 10:59 | Research | Double-Bit Axe |
| 11:11 | Research | Horse Collar |
| 11:14 | Build | Farm |
| 11:39 | Create | Villager (Male) |
| 12:31 | Create | Villager (Male) |
| 12:40 | Build | Barracks |
| 12:50 | Build | Barracks |
| 13:11 | Age | Castle Age |
| 13:13 | Build | Siege Workshop |
| 13:31 | Create | Villager (Male) |
| 13:38 | Create | Unit 2582 |
| 13:53 | Create | Battering Ram |
| 13:55 | Create | Unit 2582 |
| 14:03 | Build | Settlement |
| 14:05 | Build | House |
| 14:11 | Create | Unit 2582 |
| 14:20 | Create | Villager (Male) |
| 14:24 | Research | Bow Saw |
| 14:24 | Research | Bow Saw |
| 14:27 | Build | Farm |
| 14:46 | Create | Battering Ram |
| 15:12 | Create | Villager (Male) |
| 15:14 | Research | Bow Saw |
| 15:14 | Research | Bow Saw |
| 15:33 | Create | Villager (Male) |
| 15:34 | Create | Unit 2582 |
| 15:37 | Create | Villager (Male) |
| 15:42 | Create | Battering Ram |
| 15:57 | Create | Villager (Male) |
| 15:59 | Build | Farm |
| 16:31 | Create | Villager (Male) |
| 16:34 | Build | House |
| 16:36 | Build | Farm |
| 16:37 | Build | Farm |
| 16:48 | Create | Villager (Male) |
| 16:58 | Create | Battering Ram |
| 16:59 | Create | Unit 2582 |
| 17:14 | Build | Farm |
| 17:15 | Build | Farm |
| 17:38 | Research | Loom |
| 17:38 | Research | Loom |
| 17:39 | Create | Unit 2582 |
| 17:46 | Build | House |
| 17:53 | Build | Town Center |
| 18:01 | Build | House |
| 18:07 | Research | Scale Mail Armor |
| 18:07 | Research | Scale Mail Armor |
| 18:13 | Create | Villager (Male) |
| 18:13 | Create | Villager (Male) |
| 18:30 | Create | Villager (Male) |
| 18:50 | Create | Villager (Male) |
| 19:17 | Build | Siege Workshop |
| 19:30 | Create | Villager (Male) |
| 19:39 | Create | Villager (Male) |
| 19:40 | Build | Farm |
| 19:41 | Build | Farm |
| 19:42 | Create | Villager (Male) |
| 20:03 | Create | Villager (Male) |
| 20:06 | Create | Mangonel |
| 20:08 | Build | House |
| 20:10 | Create | Villager (Male) |
| 20:11 | Build | Farm |
| 20:22 | Create | Villager (Male) |
| 20:22 | Create | Villager (Male) |
| 20:36 | Build | Settlement |
| 20:39 | Create | Villager (Male) |
| 20:50 | Create | Mangonel |
| 21:15 | Create | Villager (Male) |
| 21:17 | Create | Villager (Male) |
| 21:19 | Build | Farm |
| 21:27 | Build | Town Center |
| 21:43 | Create | Villager (Male) |
| 21:53 | Create | Villager (Male) |
| 21:53 | Create | Villager (Male) |
| 22:02 | Create | Mangonel |
| 22:03 | Create | Villager (Male) |
| 22:05 | Build | Farm |
| 22:07 | Build | Farm |
| 22:10 | Build | House |
| 22:18 | Create | Mangonel |
| 22:23 | Create | Villager (Male) |
| 22:27 | Build | Town Center |
| 22:34 | Create | Villager (Male) |
| 22:57 | Create | Villager (Male) |
| 22:58 | Create | Villager (Male) |
| 23:00 | Build | Town Center |
| 23:11 | Create | Villager (Male) |
| 23:17 | Create | Villager (Male) |
| 23:18 | Create | Villager (Male) |
| 23:19 | Build | Farm |
| 23:20 | Build | Farm |
| 23:22 | Build | Farm |
Build order — Hui
First 150 of 182 actions detected
| 0:01 | Create | Villager (Male) |
| 0:02 | Create | Villager (Male) |
| 0:02 | Create | Villager (Male) |
| 0:03 | Build | House |
| 0:04 | Build | House |
| 0:06 | Create | Villager (Male) |
| 0:06 | Create | Villager (Male) |
| 1:25 | Create | Villager (Male) |
| 1:26 | Create | Villager (Male) |
| 1:43 | Research | Loom |
| 2:10 | Create | Villager (Male) |
| 2:11 | Create | Villager (Male) |
| 2:24 | Create | Villager (Male) |
| 2:24 | Create | Villager (Male) |
| 2:39 | Build | House |
| 3:01 | Create | Villager (Male) |
| 3:01 | Create | Villager (Male) |
| 3:22 | Build | Palisade Wall |
| 3:28 | Build | Palisade Wall |
| 3:29 | Create | Villager (Male) |
| 3:44 | Create | Villager (Male) |
| 3:45 | Create | Villager (Male) |
| 3:57 | Create | Villager (Male) |
| 3:57 | Create | Villager (Male) |
| 4:46 | Build | Lumber Camp |
| 4:56 | Create | Villager (Male) |
| 4:56 | Create | Villager (Male) |
| 5:26 | Create | Villager (Male) |
| 5:49 | Create | Villager (Male) |
| 5:49 | Create | Villager (Male) |
| 6:00 | Build | House |
| 6:13 | Create | Villager (Male) |
| 6:14 | Create | Villager (Male) |
| 6:14 | Create | Villager (Male) |
| 6:36 | Build | Dock |
| 6:44 | Create | Villager (Male) |
| 6:44 | Create | Villager (Male) |
| 6:45 | Create | Villager (Male) |
| 7:02 | Create | Villager (Male) |
| 7:02 | Create | Villager (Male) |
| 7:16 | Create | Fishing Ship |
| 7:36 | Build | House |
| 7:41 | Create | Villager (Male) |
| 7:41 | Create | Villager (Male) |
| 7:57 | Create | Fishing Ship |
| 7:57 | Create | Fishing Ship |
| 7:58 | Create | Fishing Ship |
| 8:06 | Build | Palisade Wall |
| 8:10 | Build | Palisade Wall |
| 8:14 | Build | Palisade Wall |
| 8:45 | Create | Fishing Ship |
| 8:51 | Build | House |
| 8:56 | Create | Villager (Male) |
| 9:31 | Create | Fishing Ship |
| 9:32 | Create | Villager (Male) |
| 10:03 | Build | Mill |
| 10:03 | Create | Villager (Male) |
| 10:29 | Research | Feudal Age |
| 10:29 | Research | Feudal Age |
| 10:51 | Build | Mining Camp |
| 10:55 | Create | Villager (Male) |
| 10:57 | Build | House |
| 12:26 | Create | Villager (Male) |
| 12:39 | Age | Feudal Age |
| 12:49 | Build | Market |
| 12:51 | Create | Villager (Male) |
| 12:56 | Build | Blacksmith |
| 13:40 | Build | Palisade Wall |
| 13:54 | Research | Castle Age |
| 13:54 | Research | Castle Age |
| 14:14 | Build | Stone Wall |
| 14:17 | Build | Stone Wall |
| 14:21 | Build | Stone Wall |
| 14:23 | Build | Stone Wall |
| 14:29 | Research | Double-Bit Axe |
| 14:30 | Research | Double-Bit Axe |
| 14:30 | Research | Horse Collar |
| 14:30 | Research | Horse Collar |
| 14:32 | Create | Villager (Male) |
| 15:57 | Build | Outpost |
| 16:00 | Build | Outpost |
| 16:26 | Build | Fish Trap |
| 16:31 | Build | Fish Trap |
| 16:34 | Research | Tech 906 |
| 16:34 | Age | Castle Age |
| 16:43 | Build | Town Center |
| 16:49 | Create | Villager (Male) |
| 17:13 | Build | Town Center |
| 17:21 | Build | Town Center |
| 17:24 | Create | Villager (Male) |
| 17:39 | Build | Fish Trap |
| 17:41 | Create | Villager (Male) |
| 17:52 | Create | Villager (Male) |
| 17:52 | Create | Villager (Male) |
| 17:56 | Create | Villager (Male) |
| 18:06 | Create | Villager (Male) |
| 18:12 | Create | Villager (Male) |
| 18:22 | Build | Monastery |
| 18:29 | Build | Fish Trap |
| 18:38 | Create | Villager (Male) |
| 18:39 | Create | Villager (Male) |
| 18:40 | Create | Villager (Male) |
| 18:49 | Build | Farm |
| 18:51 | Build | Farm |
| 18:52 | Create | Monk |
| 18:56 | Create | Villager (Male) |
| 19:02 | Build | Farm |
| 19:05 | Build | Farm |
| 19:09 | Create | Villager (Male) |
| 19:09 | Create | Villager (Male) |
| 19:16 | Create | Villager (Male) |
| 19:16 | Create | Villager (Male) |
| 19:24 | Build | Farm |
| 19:33 | Build | House |
| 19:37 | Build | House |
| 19:38 | Build | House |
| 19:39 | Create | Villager (Male) |
| 19:39 | Create | Villager (Male) |
| 19:56 | Create | Villager (Male) |
| 19:56 | Create | Villager (Male) |
| 20:08 | Build | Stone Wall |
| 20:12 | Build | Stone Wall |
| 20:18 | Create | Villager (Male) |
| 20:18 | Create | Villager (Male) |
| 20:20 | Create | Monk |
| 20:39 | Create | Villager (Male) |
| 20:39 | Create | Villager (Male) |
| 20:43 | Build | Farm |
| 20:44 | Build | Farm |
| 20:46 | Build | House |
| 20:47 | Build | Farm |
| 20:48 | Create | Fishing Ship |
| 20:50 | Create | Villager (Male) |
| 20:50 | Create | Villager (Male) |
| 20:52 | Build | Farm |
| 20:54 | Build | Farm |
| 21:05 | Create | Villager (Male) |
| 21:05 | Create | Villager (Male) |
| 21:12 | Build | Farm |
| 21:15 | Build | Farm |
| 21:19 | Build | Dock |
| 21:26 | Build | House |
| 21:27 | Create | Fishing Ship |
| 21:31 | Research | Redemption |
| 21:32 | Create | Villager (Male) |
| 21:32 | Create | Villager (Male) |
| 21:33 | Create | Villager (Male) |
| 21:40 | Build | Gate |
| 21:43 | Create | Villager (Male) |
| 21:43 | Create | Villager (Male) |
Build order — Ace Of Emeralds
123 actions detected in the replay
| 0:01 | Create | Villager (Male) |
| 0:02 | Build | House |
| 0:03 | Build | House |
| 0:09 | Create | Villager (Male) ×3 |
| 0:56 | Research | Loom |
| 1:31 | Create | Villager (Male) |
| 1:59 | Create | Villager (Male) |
| 2:09 | Build | Palisade Wall |
| 2:33 | Create | Villager (Male) |
| 2:58 | Build | Palisade Wall |
| 3:01 | Create | Villager (Male) |
| 3:06 | Build | Lumber Camp |
| 3:30 | Create | Villager (Male) |
| 3:59 | Create | Villager (Male) |
| 4:17 | Create | Villager (Male) |
| 4:40 | Create | Villager (Male) |
| 4:45 | Build | House |
| 4:48 | Research | Loom |
| 5:00 | Create | Villager (Male) |
| 5:24 | Build | Dock |
| 5:29 | Create | Villager (Male) |
| 5:57 | Create | Villager (Male) |
| 6:01 | Build | House |
| 6:02 | Create | Fishing Ship |
| 6:02 | Create | Fishing Ship |
| 6:21 | Create | Villager (Male) |
| 6:21 | Create | Villager (Male) |
| 6:38 | Create | Fishing Ship |
| 6:50 | Build | House |
| 6:58 | Create | Villager (Male) |
| 7:15 | Create | Villager (Male) |
| 7:15 | Create | Villager (Male) |
| 7:17 | Create | Villager (Male) |
| 7:19 | Create | Fishing Ship |
| 7:56 | Create | Fishing Ship |
| 8:23 | Create | Fishing Ship |
| 8:34 | Create | Villager (Male) |
| 8:51 | Build | House |
| 9:04 | Create | Villager (Male) |
| 9:19 | Build | Lumber Camp |
| 9:41 | Create | Villager (Male) |
| 9:59 | Create | Villager (Male) |
| 10:17 | Create | Fishing Ship |
| 10:23 | Build | Mill |
| 10:30 | Build | Mill |
| 10:33 | Create | Villager (Male) |
| 10:40 | Build | Mining Camp |
| 10:44 | Build | Mining Camp |
| 10:54 | Research | Feudal Age |
| 11:05 | Build | Mill |
| 11:43 | Create | Villager (Male) |
| 11:43 | Create | Villager (Male) |
| 13:08 | Age | Feudal Age |
| 13:09 | Build | Market |
| 13:11 | Build | Blacksmith |
| 13:38 | Build | Fish Trap |
| 13:39 | Create | Fishing Ship |
| 13:43 | Build | Fish Trap |
| 13:51 | Build | Fish Trap |
| 13:57 | Research | Castle Age |
| 14:13 | Build | Stone Wall |
| 14:18 | Create | Fishing Ship |
| 14:34 | Build | Fish Trap |
| 14:55 | Build | Stone Wall |
| 14:57 | Build | Stone Wall |
| 15:01 | Build | Fish Trap |
| 15:11 | Research | Double-Bit Axe |
| 15:40 | Build | Fish Trap |
| 15:40 | Create | Villager (Male) |
| 15:57 | Build | Fish Trap |
| 16:18 | Build | Farm |
| 16:28 | Build | Farm |
| 16:38 | Age | Castle Age |
| 16:42 | Create | Villager (Male) |
| 17:03 | Build | Siege Workshop |
| 17:20 | Create | Villager (Male) |
| 17:42 | Build | University |
| 17:45 | Create | Villager (Male) |
| 18:26 | Research | Imperial Age |
| 18:26 | Create | Fishing Ship |
| 18:35 | Build | House |
| 18:48 | Research | Horse Collar |
| 18:48 | Research | Horse Collar |
| 19:03 | Research | Tech 906 |
| 19:11 | Build | Fish Trap |
| 19:15 | Create | Fishing Ship |
| 19:16 | Create | Villager (Male) |
| 19:26 | Research | Bow Saw |
| 19:26 | Research | Bow Saw |
| 19:46 | Create | Fishing Ship |
| 19:51 | Research | Gold Mining |
| 19:52 | Research | Gold Mining |
| 20:10 | Build | Barracks |
| 20:24 | Build | Fish Trap |
| 20:37 | Create | Fishing Ship |
| 20:42 | Build | Farm |
| 20:57 | Build | Fish Trap |
| 21:23 | Build | Archery Range |
| 21:31 | Build | Archery Range |
| 21:36 | Age | Imperial Age |
| 21:36 | Research | Fletching |
| 21:38 | Research | Chemistry |
| 21:39 | Create | Villager (Male) |
| 21:41 | Build | Fish Trap |
| 21:49 | Build | Farm |
| 21:52 | Build | Farm |
| 21:58 | Create | Villager (Male) |
| 21:59 | Build | Farm |
| 22:09 | Build | Farm |
| 22:19 | Create | Villager (Male) |
| 22:20 | Research | Crossbowman (upgrade) |
| 22:26 | Create | Archer |
| 22:27 | Create | Villager (Male) |
| 22:32 | Build | Lumber Camp |
| 22:38 | Create | Villager (Male) |
| 22:50 | Create | Archer |
| 22:50 | Create | Archer |
| 22:59 | Build | House |
| 23:02 | Build | House |
| 23:03 | Build | House |
| 23:12 | Build | House |
| 23:13 | Build | House |
| 23:18 | Create | Archer |
Build order — Sorrateiro
94 actions detected in the replay
| 0:09 | Create | Villager (Male) ×4 |
| 0:10 | Build | House |
| 0:13 | Build | House |
| 1:39 | Create | Villager (Male) |
| 2:02 | Build | Lumber Camp |
| 2:12 | Create | Villager (Male) |
| 2:37 | Create | Villager (Male) |
| 2:58 | Create | Villager (Male) |
| 3:23 | Create | Villager (Male) |
| 3:48 | Create | Villager (Male) |
| 4:10 | Create | Villager (Male) |
| 4:27 | Build | Dock |
| 4:37 | Create | Villager (Male) |
| 4:48 | Research | Loom |
| 4:53 | Build | House |
| 5:04 | Create | Villager (Male) |
| 5:19 | Create | Villager (Male) |
| 5:30 | Create | Fishing Ship |
| 5:41 | Create | Villager (Male) |
| 5:59 | Create | Fishing Ship |
| 6:16 | Create | Villager (Male) |
| 6:30 | Build | House |
| 6:36 | Build | House |
| 6:40 | Create | Villager (Male) |
| 6:58 | Create | Villager (Male) |
| 7:04 | Create | Fishing Ship |
| 7:11 | Build | House |
| 7:31 | Create | Villager (Male) |
| 7:45 | Build | Dock |
| 8:07 | Create | Fishing Ship |
| 8:15 | Create | Villager (Male) |
| 8:34 | Create | Villager (Male) |
| 8:40 | Create | Fishing Ship |
| 8:58 | Build | Palisade Wall |
| 9:11 | Create | Villager (Male) |
| 9:18 | Create | Fishing Ship |
| 9:34 | Create | Villager (Male) |
| 9:40 | Create | Fishing Ship |
| 9:43 | Build | House |
| 9:52 | Create | Villager (Male) |
| 10:22 | Research | Feudal Age |
| 10:40 | Build | Mining Camp |
| 10:50 | Create | Fishing Ship |
| 10:54 | Build | House |
| 10:59 | Build | House |
| 11:15 | Build | Mill |
| 12:39 | Create | Villager (Male) |
| 12:41 | Age | Feudal Age |
| 12:43 | Build | Market |
| 12:45 | Build | Blacksmith |
| 12:52 | Build | Fish Trap |
| 13:14 | Build | Mining Camp |
| 13:46 | Research | Castle Age |
| 13:52 | Build | Fish Trap |
| 14:00 | Build | Fish Trap |
| 14:24 | Build | Fish Trap |
| 14:40 | Build | Palisade Wall |
| 14:51 | Research | Double-Bit Axe |
| 15:21 | Build | Palisade Gate |
| 15:45 | Build | Gate |
| 15:50 | Build | Gate |
| 15:58 | Build | Stone Wall |
| 16:06 | Build | Outpost |
| 16:26 | Age | Castle Age |
| 16:35 | Create | Villager (Male) |
| 16:54 | Build | Castle |
| 17:01 | Research | Bow Saw |
| 17:04 | Create | Villager (Male) |
| 17:24 | Create | Villager (Male) |
| 17:40 | Research | Gold Mining |
| 17:42 | Create | Fishing Ship |
| 17:50 | Build | Mill |
| 18:15 | Create | Villager (Male) |
| 18:22 | Create | Organ Gun |
| 18:33 | Build | Siege Workshop |
| 18:44 | Create | Organ Gun |
| 18:46 | Create | Villager (Male) |
| 18:56 | Create | Organ Gun |
| 19:04 | Create | Mangonel |
| 19:18 | Create | Organ Gun |
| 19:40 | Create | Villager (Male) |
| 19:41 | Create | Organ Gun |
| 19:57 | Create | Organ Gun |
| 20:09 | Create | Organ Gun |
| 20:11 | Create | Villager (Male) |
| 20:22 | Build | Dock |
| 20:42 | Create | Organ Gun |
| 20:54 | Create | Organ Gun |
| 21:13 | Create | Villager (Male) |
| 21:19 | Build | House |
| 21:30 | Build | Farm |
| 21:32 | Build | Farm |
| 21:34 | Build | Farm |
| 21:37 | Create | Villager (Male) |
Build order — Ilum | Suricata Tactica
132 actions detected in the replay
| 0:01 | Create | Villager (Male) |
| 0:01 | Create | Villager (Male) |
| 0:01 | Create | Villager (Male) |
| 0:01 | Create | Villager (Male) |
| 0:02 | Build | House |
| 0:03 | Build | House |
| 0:25 | Research | Loom |
| 0:53 | Build | Palisade Wall |
| 0:56 | Create | Villager (Male) |
| 1:15 | Create | Villager (Male) |
| 1:15 | Create | Villager (Male) |
| 2:02 | Create | Villager (Male) |
| 2:02 | Create | Villager (Male) |
| 2:50 | Create | Villager (Male) |
| 2:50 | Create | Villager (Male) |
| 4:12 | Create | Villager (Male) |
| 4:19 | Build | Palisade Gate |
| 4:40 | Build | Palisade Wall |
| 4:46 | Create | Villager (Male) |
| 4:46 | Create | Villager (Male) |
| 4:46 | Create | Villager (Male) |
| 5:00 | Create | Villager (Male) |
| 5:00 | Create | Villager (Male) |
| 5:00 | Create | Villager (Male) |
| 5:24 | Create | Villager (Male) |
| 5:24 | Create | Villager (Male) |
| 5:55 | Create | Villager (Male) |
| 5:56 | Create | Villager (Male) |
| 6:30 | Build | Lumber Camp |
| 6:34 | Create | Villager (Male) |
| 6:34 | Create | Villager (Male) |
| 6:34 | Create | Villager (Male) |
| 6:48 | Create | Villager (Male) |
| 6:49 | Create | Villager (Male) |
| 7:12 | Build | House |
| 7:19 | Create | Villager (Male) |
| 7:19 | Create | Villager (Male) |
| 7:20 | Create | Villager (Male) |
| 7:21 | Create | Villager (Male) |
| 7:41 | Build | House |
| 7:59 | Create | Villager (Male) |
| 7:59 | Create | Villager (Male) |
| 7:59 | Create | Villager (Male) |
| 8:21 | Create | Villager (Male) |
| 8:21 | Create | Villager (Male) |
| 8:21 | Create | Villager (Male) |
| 8:48 | Create | Villager (Male) |
| 8:48 | Create | Villager (Male) |
| 8:48 | Create | Villager (Male) |
| 9:10 | Build | Mill |
| 9:43 | Build | Mining Camp |
| 9:50 | Create | Villager (Male) |
| 9:50 | Create | Villager (Male) |
| 9:51 | Create | Villager (Male) |
| 10:24 | Build | House |
| 11:10 | Build | Mining Camp |
| 11:24 | Research | Feudal Age |
| 11:24 | Research | Feudal Age |
| 11:25 | Research | Feudal Age |
| 11:29 | Build | Palisade Wall |
| 11:30 | Build | Palisade Wall |
| 12:02 | Build | Lumber Camp |
| 13:01 | Create | Villager (Male) |
| 13:01 | Create | Villager (Male) |
| 13:34 | Age | Feudal Age |
| 13:41 | Build | Market |
| 13:54 | Build | House |
| 14:03 | Create | Villager (Male) |
| 14:26 | Build | Farm |
| 14:33 | Create | Villager (Male) |
| 14:40 | Build | Farm |
| 15:04 | Build | Farm |
| 15:06 | Create | Villager (Male) |
| 15:28 | Build | Blacksmith |
| 15:29 | Create | Villager (Male) |
| 15:50 | Build | House |
| 15:55 | Create | Villager (Male) |
| 15:57 | Build | Farm |
| 16:43 | Research | Castle Age |
| 16:43 | Research | Castle Age |
| 16:44 | Research | Castle Age |
| 17:13 | Build | Farm |
| 17:14 | Build | Farm |
| 17:23 | Research | Double-Bit Axe |
| 17:23 | Research | Double-Bit Axe |
| 17:30 | Research | Horse Collar |
| 17:30 | Research | Horse Collar |
| 17:51 | Create | Villager (Male) |
| 18:53 | Build | Farm |
| 18:53 | Build | Farm |
| 19:23 | Age | Castle Age |
| 19:26 | Build | Castle |
| 19:28 | Build | Mining Camp |
| 19:30 | Create | Villager (Male) |
| 19:34 | Research | Bow Saw |
| 19:34 | Research | Bow Saw |
| 19:44 | Build | Barracks |
| 19:56 | Create | Villager (Male) |
| 20:00 | Build | Farm |
| 20:19 | Build | Farm |
| 20:22 | Build | Farm |
| 20:29 | Build | Gate |
| 20:32 | Create | Villager (Male) |
| 20:53 | Build | Gate |
| 20:59 | Build | Gate |
| 21:17 | Create | Villager (Male) |
| 21:25 | Build | Mining Camp |
| 21:28 | Create | Conquistador |
| 21:28 | Create | Conquistador |
| 21:28 | Create | Conquistador |
| 21:33 | Build | Farm |
| 21:36 | Build | Farm |
| 21:37 | Build | Farm |
| 21:38 | Build | Farm |
| 21:39 | Create | Villager (Male) |
| 21:42 | Create | Conquistador |
| 21:43 | Create | Conquistador |
| 21:43 | Create | Conquistador |
| 21:45 | Create | Conquistador |
| 21:57 | Create | Conquistador |
| 21:58 | Create | Conquistador |
| 22:14 | Create | Villager (Male) |
| 22:14 | Create | Villager (Male) |
| 22:17 | Build | Farm |
| 22:26 | Create | Villager (Male) |
| 22:27 | Create | Villager (Male) |
| 22:44 | Create | Villager (Male) |
| 22:49 | Build | Farm |
| 22:50 | Build | Farm |
| 23:05 | Build | Stable |
| 23:12 | Create | Villager (Male) |
| 23:20 | Create | Conquistador |
Build order — AticAtac
First 150 of 191 actions detected
| 0:01 | Create | Villager (Male) |
| 0:01 | Create | Villager (Male) |
| 0:02 | Build | House |
| 0:03 | Build | House |
| 0:18 | Create | Villager (Male) |
| 0:18 | Create | Villager (Male) |
| 0:19 | Create | Villager (Male) |
| 1:24 | Create | Villager (Male) |
| 1:24 | Create | Villager (Male) |
| 1:58 | Create | Villager (Male) |
| 1:58 | Create | Villager (Male) |
| 2:11 | Build | Lumber Camp |
| 2:18 | Create | Villager (Male) |
| 2:19 | Create | Villager (Male) |
| 2:48 | Create | Villager (Male) |
| 2:48 | Create | Villager (Male) |
| 3:05 | Build | House |
| 3:18 | Create | Villager (Male) |
| 3:18 | Create | Villager (Male) |
| 3:41 | Create | Villager (Male) |
| 3:42 | Create | Villager (Male) |
| 3:51 | Create | Villager (Male) |
| 4:23 | Create | Villager (Male) |
| 4:23 | Create | Villager (Male) |
| 4:38 | Build | Dock |
| 5:00 | Create | Villager (Male) |
| 5:01 | Create | Villager (Male) |
| 5:09 | Build | House |
| 5:33 | Create | Villager (Male) |
| 5:33 | Create | Villager (Male) |
| 5:35 | Create | Fishing Ship |
| 5:35 | Create | Fishing Ship |
| 6:02 | Create | Villager (Male) |
| 6:02 | Create | Villager (Male) |
| 6:02 | Create | Villager (Male) |
| 6:28 | Build | House |
| 6:30 | Create | Fishing Ship |
| 6:54 | Create | Villager (Male) |
| 6:54 | Create | Villager (Male) |
| 6:54 | Create | Villager (Male) |
| 6:56 | Create | Fishing Ship |
| 6:57 | Create | Fishing Ship |
| 7:10 | Create | Villager (Male) |
| 7:10 | Create | Villager (Male) |
| 7:27 | Create | Villager (Male) |
| 7:30 | Create | Fishing Ship |
| 8:12 | Create | Villager (Male) |
| 8:16 | Create | Fishing Ship |
| 8:36 | Build | Mill |
| 8:40 | Build | House |
| 8:48 | Build | House |
| 8:56 | Create | Villager (Male) |
| 9:28 | Create | Villager (Male) |
| 10:00 | Research | Feudal Age |
| 10:01 | Research | Feudal Age |
| 10:03 | Create | Villager (Male) |
| 10:06 | Create | Villager (Male) |
| 10:59 | Build | Dock |
| 11:03 | Create | Fishing Ship |
| 11:08 | Build | Mining Camp |
| 11:34 | Create | Fishing Ship |
| 11:45 | Create | Fishing Ship |
| 12:10 | Age | Feudal Age |
| 12:14 | Build | Fish Trap |
| 12:19 | Build | Fish Trap |
| 12:53 | Research | Castle Age |
| 13:00 | Build | Lumber Camp |
| 13:31 | Build | Fish Trap |
| 14:00 | Build | Lumber Camp |
| 14:16 | Build | House |
| 14:19 | Build | House |
| 14:29 | Build | Fish Trap |
| 14:36 | Research | Double-Bit Axe |
| 14:54 | Build | Fish Trap |
| 15:13 | Create | Villager (Male) |
| 15:33 | Age | Castle Age |
| 15:34 | Build | Town Center |
| 15:35 | Create | Villager (Male) |
| 15:39 | Research | Bow Saw |
| 16:09 | Create | Villager (Male) |
| 16:10 | Create | Fishing Ship |
| 16:22 | Create | Villager (Male) |
| 16:25 | Build | Town Center |
| 16:32 | Create | Fishing Ship |
| 16:32 | Create | Fishing Ship |
| 16:32 | Create | Fishing Ship |
| 16:35 | Create | Villager (Male) ×5 |
| 17:01 | Create | Villager (Male) ×3 |
| 17:11 | Create | Fishing Ship |
| 17:11 | Create | Fishing Ship |
| 17:13 | Build | Fish Trap |
| 17:15 | Build | Fish Trap |
| 17:18 | Build | Fish Trap |
| 17:34 | Build | House |
| 17:35 | Build | House |
| 17:35 | Build | House |
| 17:35 | Build | House |
| 17:36 | Build | House |
| 17:36 | Build | House |
| 17:36 | Build | House |
| 17:36 | Build | House |
| 17:37 | Build | House |
| 17:42 | Build | House |
| 17:43 | Build | House |
| 17:43 | Build | House |
| 17:44 | Build | House |
| 17:44 | Build | House |
| 17:44 | Build | House |
| 17:44 | Build | House |
| 17:45 | Build | House |
| 17:45 | Build | House |
| 17:45 | Build | House |
| 17:45 | Build | House |
| 17:49 | Create | Villager (Male) ×5 |
| 17:56 | Build | Fish Trap |
| 18:01 | Build | Fish Trap |
| 18:04 | Create | Villager (Male) |
| 18:11 | Create | Villager (Male) |
| 18:26 | Build | Fish Trap |
| 18:30 | Build | Fish Trap |
| 18:32 | Create | Fishing Ship |
| 18:32 | Create | Fishing Ship |
| 18:33 | Create | Fishing Ship |
| 18:37 | Create | Villager (Male) |
| 18:50 | Create | Villager (Male) ×3 |
| 18:52 | Create | Fishing Ship ×3 |
| 19:07 | Research | Tech 906 |
| 19:23 | Build | Farm |
| 19:23 | Build | Farm |
| 19:24 | Build | Farm |
| 19:24 | Build | Farm |
| 19:24 | Build | Farm |
| 19:24 | Build | Farm |
| 19:25 | Build | Farm |
| 19:25 | Build | Farm |
| 19:29 | Create | Villager (Male) |
| 19:32 | Build | Fish Trap |
| 19:36 | Build | Fish Trap |
| 19:41 | Create | Fishing Ship |
| 19:42 | Create | Villager (Male) |
| 19:50 | Build | Farm |
| 19:51 | Build | Farm |
| 19:53 | Create | Villager (Male) |
| 19:56 | Build | Farm |
| 20:03 | Create | Villager (Male) ×2 |
| 20:25 | Build | Town Center |
| 20:31 | Create | Villager (Male) |
| 20:37 | Build | Fish Trap |
| 20:38 | Build | Fish Trap |
| 20:41 | Create | Fishing Ship |
Build order — 自有大儒为我辩经
First 150 of 214 actions detected
| 0:04 | Build | House |
| 0:05 | Create | Villager (Male) |
| 0:06 | Build | House |
| 0:06 | Create | Villager (Male) |
| 0:07 | Create | Villager (Male) |
| 0:07 | Create | Villager (Male) |
| 0:07 | Create | Villager (Male) |
| 0:07 | Create | Villager (Male) |
| 1:32 | Create | Villager (Male) |
| 1:33 | Create | Villager (Male) |
| 1:52 | Build | Lumber Camp |
| 2:04 | Create | Villager (Male) |
| 2:04 | Create | Villager (Male) |
| 2:21 | Create | Villager (Male) |
| 2:22 | Create | Villager (Male) |
| 2:22 | Create | Villager (Male) |
| 2:59 | Create | Villager (Male) |
| 2:59 | Create | Villager (Male) |
| 3:12 | Create | Villager (Male) |
| 3:12 | Create | Villager (Male) |
| 3:40 | Create | Villager (Male) |
| 3:40 | Create | Villager (Male) |
| 3:53 | Build | House |
| 4:02 | Create | Villager (Male) |
| 4:02 | Create | Villager (Male) |
| 4:29 | Create | Villager (Male) |
| 4:29 | Create | Villager (Male) |
| 4:35 | Build | Dock |
| 5:01 | Create | Villager (Male) |
| 5:01 | Create | Villager (Male) |
| 5:14 | Create | Villager (Male) |
| 5:14 | Create | Villager (Male) |
| 5:15 | Create | Villager (Male) |
| 5:23 | Create | Fishing Ship |
| 5:32 | Create | Villager (Male) |
| 5:32 | Create | Villager (Male) |
| 5:32 | Create | Villager (Male) |
| 5:36 | Build | House |
| 5:49 | Create | Fishing Ship |
| 6:08 | Build | House |
| 6:31 | Create | Villager (Male) |
| 6:31 | Create | Villager (Male) |
| 6:32 | Create | Villager (Male) |
| 6:32 | Create | Villager (Male) |
| 6:32 | Create | Fishing Ship |
| 6:59 | Build | Lumber Camp |
| 7:03 | Create | Villager (Male) |
| 7:03 | Create | Villager (Male) |
| 7:06 | Create | Fishing Ship |
| 7:50 | Create | Villager (Male) |
| 8:13 | Build | House |
| 8:30 | Create | Villager (Male) |
| 8:34 | Build | Dock |
| 8:35 | Create | Villager (Male) |
| 8:35 | Create | Villager (Male) |
| 8:54 | Create | Villager (Male) |
| 9:05 | Create | Fishing Ship |
| 9:12 | Build | House |
| 9:23 | Build | House |
| 9:23 | Create | Fishing Ship |
| 9:38 | Build | House |
| 9:39 | Build | House |
| 9:41 | Build | House |
| 9:53 | Create | Fishing Ship |
| 9:59 | Build | Mill |
| 10:10 | Create | Fishing Ship |
| 10:16 | Create | Villager (Male) |
| 10:43 | Research | Feudal Age |
| 10:43 | Research | Feudal Age |
| 10:50 | Build | Mining Camp |
| 11:18 | Build | Mill |
| 11:50 | Build | House |
| 11:51 | Build | House |
| 12:02 | Build | Palisade Gate |
| 12:03 | Build | House |
| 12:07 | Create | Villager (Male) |
| 12:07 | Create | Villager (Male) |
| 12:53 | Age | Feudal Age |
| 12:55 | Build | Market |
| 12:57 | Build | Blacksmith |
| 13:08 | Build | Fish Trap |
| 13:47 | Research | Castle Age |
| 13:47 | Research | Castle Age |
| 14:00 | Build | Fish Trap |
| 14:30 | Build | Fish Trap |
| 15:10 | Research | Gold Mining |
| 15:14 | Research | Double-Bit Axe |
| 15:15 | Research | Double-Bit Axe |
| 15:23 | Build | Fish Trap |
| 15:29 | Build | Fish Trap |
| 16:27 | Age | Castle Age |
| 16:30 | Build | Town Center |
| 16:31 | Create | Villager (Male) |
| 16:32 | Create | Villager (Male) |
| 16:38 | Build | Town Center |
| 16:49 | Build | Monastery |
| 17:04 | Build | Fish Trap |
| 17:13 | Create | Villager (Male) |
| 17:28 | Build | Fish Trap |
| 17:33 | Build | Fish Trap |
| 17:34 | Create | Monk |
| 17:41 | Create | Villager (Male) |
| 17:41 | Create | Villager (Male) |
| 17:44 | Research | Horse Collar |
| 17:45 | Research | Horse Collar |
| 17:56 | Research | Tech 906 |
| 17:56 | Research | Tech 906 |
| 17:56 | Research | Tech 906 |
| 17:58 | Create | Villager (Male) |
| 17:58 | Create | Villager (Male) |
| 17:58 | Create | Villager (Male) |
| 18:14 | Create | Villager (Male) |
| 18:28 | Build | Farm |
| 18:29 | Build | Farm |
| 18:30 | Build | Farm |
| 18:33 | Build | Farm |
| 18:34 | Build | Farm |
| 18:36 | Create | Villager (Male) |
| 18:40 | Build | Farm |
| 18:42 | Create | Villager (Male) |
| 18:43 | Build | Farm |
| 18:50 | Build | Farm |
| 19:01 | Build | Farm |
| 19:02 | Build | Farm |
| 19:02 | Build | Farm |
| 19:02 | Build | Farm |
| 19:02 | Build | Farm |
| 19:03 | Build | Farm |
| 19:05 | Build | Farm |
| 19:06 | Create | Villager (Male) |
| 19:07 | Create | Villager (Male) |
| 19:08 | Create | Villager (Male) |
| 19:08 | Create | Villager (Male) |
| 19:18 | Create | Villager (Male) |
| 19:22 | Build | Farm |
| 19:23 | Build | Farm |
| 19:32 | Create | Villager (Male) |
| 19:32 | Create | Villager (Male) |
| 19:33 | Create | Villager (Male) |
| 19:33 | Create | Villager (Male) |
| 19:36 | Build | Farm |
| 19:41 | Build | Farm |
| 19:41 | Build | Farm |
| 19:43 | Build | Farm |
| 19:44 | Create | Villager (Male) |
| 19:44 | Create | Villager (Male) |
| 19:51 | Research | Bow Saw |
| 19:51 | Research | Bow Saw |
| 20:02 | Create | Villager (Male) |
| 20:03 | Create | Villager (Male) |
Build order — [CL] Feargoras
94 actions detected in the replay
| 0:01 | Create | Villager (Male) |
| 0:01 | Create | Villager (Male) |
| 0:03 | Build | House |
| 0:04 | Build | House |
| 0:14 | Research | Loom |
| 0:15 | Create | Villager (Male) |
| 0:35 | Create | Villager (Male) |
| 0:35 | Create | Villager (Male) |
| 1:37 | Build | Palisade Wall |
| 2:40 | Create | Villager (Male) |
| 4:15 | Create | Villager (Male) |
| 4:15 | Create | Villager (Male) |
| 4:40 | Build | Lumber Camp |
| 4:41 | Create | Villager (Male) |
| 5:03 | Create | Villager (Male) |
| 5:04 | Create | Villager (Male) |
| 5:30 | Create | Villager (Male) |
| 5:54 | Create | Villager (Male) |
| 6:25 | Create | Villager (Male) |
| 6:34 | Build | House |
| 6:53 | Create | Villager (Male) |
| 7:08 | Build | House |
| 7:14 | Create | Villager (Male) |
| 7:44 | Create | Villager (Male) |
| 7:45 | Create | Villager (Male) |
| 7:54 | Build | Mill |
| 7:55 | Create | Villager (Male) |
| 8:24 | Create | Villager (Male) |
| 8:44 | Create | Villager (Male) |
| 9:05 | Create | Villager (Male) |
| 9:52 | Create | Villager (Male) |
| 10:21 | Research | Feudal Age |
| 11:59 | Build | House |
| 12:01 | Build | House |
| 12:13 | Create | Villager (Male) |
| 12:31 | Age | Feudal Age |
| 12:36 | Build | Town Center |
| 12:39 | Research | Double-Bit Axe |
| 13:01 | Create | Villager (Male) |
| 13:01 | Create | Villager (Male) |
| 13:07 | Create | Villager (Male) |
| 13:26 | Build | Mining Camp |
| 13:34 | Research | Horse Collar |
| 13:48 | Build | Farm |
| 13:49 | Build | Farm |
| 14:09 | Create | Villager (Male) |
| 14:21 | Create | Villager (Male) |
| 14:21 | Create | Villager (Male) |
| 14:24 | Build | Farm |
| 14:25 | Build | Farm |
| 14:31 | Build | Farm |
| 14:36 | Create | Villager (Male) |
| 14:36 | Create | Villager (Male) |
| 14:36 | Create | Villager (Male) |
| 14:45 | Build | House |
| 14:48 | Build | House |
| 15:24 | Build | Barracks |
| 15:30 | Create | Villager (Male) |
| 15:31 | Create | Villager (Male) |
| 15:31 | Create | Villager (Male) |
| 16:04 | Create | Villager (Male) |
| 16:04 | Create | Villager (Male) |
| 16:14 | Build | Archery Range |
| 16:26 | Build | Palisade Gate |
| 16:28 | Build | Palisade Wall |
| 16:37 | Build | House |
| 16:43 | Build | House |
| 16:55 | Create | Villager (Male) |
| 17:00 | Build | House |
| 17:02 | Build | House |
| 17:07 | Build | House |
| 17:36 | Create | Archer |
| 17:36 | Create | Archer |
| 17:39 | Build | House |
| 17:57 | Create | Villager (Male) |
| 17:57 | Create | Villager (Male) |
| 17:58 | Create | Villager (Male) |
| 17:58 | Create | Villager (Male) |
| 17:58 | Create | Villager (Male) |
| 18:10 | Create | Villager (Male) |
| 18:10 | Create | Villager (Male) |
| 18:10 | Create | Villager (Male) |
| 18:13 | Build | Farm |
| 18:15 | Build | Farm |
| 18:18 | Create | Archer |
| 18:56 | Create | Spearman |
| 18:56 | Create | Spearman |
| 19:36 | Create | Villager (Male) |
| 19:36 | Create | Villager (Male) |
| 19:37 | Create | Villager (Male) |
| 19:57 | Create | Villager (Male) |
| 19:57 | Create | Villager (Male) |
| 20:27 | Build | Market |
| 21:19 | Build | Town Center |
Match timeline
| 0:53 | Ilum | Suricata Tactica · wall_segment Palisade Wall x4 |
| 1:37 | [CL] Feargoras · wall_segment Palisade Wall x16 |
| 2:09 | Ace Of Emeralds · wall_segment Palisade Wall x12 |
| 2:58 | Ace Of Emeralds · wall_segment Palisade Wall x1 |
| 3:22 | Hui · wall_segment Palisade Wall x10 |
| 3:28 | Hui · wall_segment Palisade Wall x4 |
| 4:27 | Sorrateiro · first_building Dock |
| 4:35 | 自有大儒为我辩经 · first_building Dock |
| 4:38 | AticAtac · first_building Dock |
| 4:40 | Ilum | Suricata Tactica · wall_segment Palisade Wall x14 |
| 5:24 | Ace Of Emeralds · first_building Dock |
| 6:36 | Hui · first_building Dock |
| 8:06 | Hui · wall_segment Palisade Wall x6 |
| 8:10 | Hui · wall_segment Palisade Wall x9 |
| 8:14 | Hui · wall_segment Palisade Wall x5 |
| 8:58 | Sorrateiro · wall_segment Palisade Wall x1 |
| 9:41 | TAG_Sitaux · age_up feudal |
| 11:29 | Ilum | Suricata Tactica · wall_segment Palisade Wall x1 |
| 11:30 | Ilum | Suricata Tactica · wall_segment Palisade Wall x1 |
| 12:10 | AticAtac · age_up feudal |
| 12:31 | [CL] Feargoras · age_up feudal |
| 12:39 | Hui · age_up feudal |
| 12:40 | TAG_Sitaux · first_building Barracks |
| 12:41 | Sorrateiro · age_up feudal |
| 12:53 | 自有大儒为我辩经 · age_up feudal |
| 13:08 | Ace Of Emeralds · age_up feudal |
| 13:11 | TAG_Sitaux · age_up castle |
| 13:13 | TAG_Sitaux · first_building Siege Workshop |
| 13:34 | Ilum | Suricata Tactica · age_up feudal |
| 13:40 | Hui · wall_segment Palisade Wall x1 |
| 14:13 | Ace Of Emeralds · wall_segment Stone Wall x2 |
| 14:14 | Hui · wall_segment Stone Wall x1 |
| 14:17 | Hui · wall_segment Stone Wall x2 |
| 14:21 | Hui · wall_segment Stone Wall x9 |
| 14:23 | Hui · wall_segment Stone Wall x5 |
| 14:40 | Sorrateiro · wall_segment Palisade Wall x1 |
| 14:55 | Ace Of Emeralds · wall_segment Stone Wall x2 |
| 14:57 | Ace Of Emeralds · wall_segment Stone Wall x8 |
| 15:24 | [CL] Feargoras · first_building Barracks |
| 15:33 | AticAtac · age_up castle |
| 15:58 | Sorrateiro · wall_segment Stone Wall x1 |
| 16:14 | [CL] Feargoras · first_building Archery Range |
| 16:20 | Ilum | Suricata Tactica · first_market_buy 100 food |
| 16:26 | Sorrateiro · age_up castle |
| 16:27 | 自有大儒为我辩经 · age_up castle |
| 16:28 | [CL] Feargoras · wall_segment Palisade Wall x1 |
| 16:34 | Hui · age_up castle |
| 16:38 | Ace Of Emeralds · age_up castle |
| 16:45 | Sorrateiro · first_market_sell 100 wood |
| 16:47 | Sorrateiro · first_market_buy 100 stone |
| 16:49 | 自有大儒为我辩经 · first_building Monastery |
| 16:54 | Sorrateiro · first_building Castle |
| 17:03 | Ace Of Emeralds · first_building Siege Workshop |
| 18:22 | Hui · first_building Monastery |
| 18:33 | Sorrateiro · first_building Siege Workshop |
| 19:23 | Ilum | Suricata Tactica · age_up castle |
| 19:26 | Ilum | Suricata Tactica · first_building Castle |
| 19:44 | Ilum | Suricata Tactica · first_building Barracks |
| 19:47 | 自有大儒为我辩经 · first_market_buy 100 food |
| 20:08 | Hui · wall_segment Stone Wall x5 |
| 20:10 | Ace Of Emeralds · first_building Barracks |
| 20:12 | Hui · wall_segment Stone Wall x11 |
| 21:13 | [CL] Feargoras · first_market_buy 100 wood |
| 21:20 | Ace Of Emeralds · first_market_buy 100 wood |
| 21:23 | Ace Of Emeralds · first_building Archery Range |
| 21:36 | Ace Of Emeralds · age_up imperial |
| 21:59 | Sorrateiro · resign |
| 22:25 | TAG_Sitaux · first_market_buy 100 stone |
| 23:05 | Ilum | Suricata Tactica · first_building Stable |
[ AI ANALYSIS · 1 CREDIT ]
What really happened in this match?
Wolo.gg analyzes every decision: build order, eco, micro, common mistakes by bracket. Personalized analysis on WhatsApp or Discord in 30 seconds.
Civ guide
Tupi
Perfil
Sitaux (TAG_Sitaux)